 Dungeon Crawl Stone Soup version 0.21.1-1-g345015f (webtiles) character file.

112 JrNeurotic the Sneak (level 4, -10/33 HPs)
             Began as an Octopode Assassin on July 10, 2018.
             Was a Follower of Uskayaw.
             Mangled by dscm's ghost (15 damage)
             ... on level 3 of the Dungeon on July 11, 2018.
             The game lasted 00:10:37 (1616 turns).

JrNeurotic the Sneak (Octopode Assassin)            Turns: 1616, Time: 00:10:37

Health: -10/33     AC:  1    Str:  9 (10) XL:     4   Next: 93%
Magic:  4/4        EV: 13    Int: 10 (13) God:    Uskayaw [*.....]
Gold:   85         SH:  0    Dex: 11 (14) Spells: 3/3 levels left

rFire    . . .     SeeInvis .   a - +2 dagger
rCold    . . .     Gourm    .   (no shield)
rNeg     . . .     Faith    .   (helmet restricted)
rPois    .         Spirit   .   (no amulet)
rElec    +         Reflect  .   (no ring)
rCorr    .         Harm     .   (no ring)
MR       .....                  (no ring)
Stlth    ++++......             (no ring)
HPRegen  0.11/turn              (no ring)
MPRegen  0.09/turn              (no ring)
                                (no ring)
                                (no ring)

@: no status effects
A: almost no armour, stealthy swim, amphibious, 8 rings, constrict 8, camouflage
1, robust 1, electricity resistance, gelatinous body 1, evolution 1, MP-powered
wands
a: Stomp, Renounce Religion


You were on level 3 of the Dungeon.
You worshipped Uskayaw.
Uskayaw was noncommittal.
You were not hungry.

You visited 1 branch of the dungeon, and saw 3 of its levels.

You collected 85 gold pieces.

Inventory:

Hand Weapons
 a - a +2 dagger (weapon)
 b - a +0 blowgun
 l - a +2 short sword of venom
 s - a +0 spear
Missiles
 c - 18 poisoned needles
 d - 2 curare-tipped needles
Jewellery
 x - a cursed ring of see invisible {unknown}
Wands
 w - a wand of polymorph (8)
Scrolls
 e - 3 scrolls of teleportation {unknown}
 j - 2 scrolls of random uselessness {unknown}
 k - a scroll of magic mapping {unknown}
 m - 2 scrolls of amnesia {unknown}
 n - 2 scrolls of remove curse {unknown}
 o - 3 scrolls of blinking {unknown}
 p - a scroll of fear {unknown}
 u - a scroll of identify {unknown}
Potions
 q - a potion of lignification {unknown}
Books
 v - a book of Changes

   Spells                             Type                      Level
   a - Beastly Appendage              Transmutation                1
   b - Sticks to Snakes               Transmutation                2
   c - Spider Form                    Transmutation/Poison         3
   d - Ice Form                       Ice/Transmutation            4
   e - Blade Hands                    Transmutation                5
Comestibles
 f - 5 rations
 h - 16 chunks of flesh


   Skills:
 * Level 2.4 Fighting
 + Level 2.3 Short Blades
 - Level 2.0 Throwing
 * Level 1.6 Dodging
 * Level 7.6 Stealth


You had 3 spell levels left.
You didn't know any spells.

Dungeon Overview and Level Annotations

Branches:
Dungeon (3/15)

Altars:
Uskayaw
Yredelemnul

Annotations:
D:3 dscm's ghost, weakling DsGl


Innate Abilities, Weirdness & Mutations

You cannot wear most types of armour.
You are very stealthy in the water. (Stealth+)
You are amphibious.
You can wear up to eight rings at the same time.
You can use your tentacles to constrict eight enemies at once.
Your skin changes colour to match your surroundings (Stealth+).
Your rubbery body absorbs attacks. (AC +1, EV +1)
You are robust. (+10% HP)
You are resistant to electric shocks. (rElec)
You evolve.
You expend magic power (3 MP) to strengthen your wands.


Message History

Dscm's ghost hits you.
You bump into the rock wall.
Dscm's ghost closely misses you. Something hits you but does no damage.
Something completely misses you.
You bump into the rock wall.
Dscm's ghost barely misses you. Something hits you.
You hit dscm's ghost.
Dscm's ghost is lightly damaged.
Dscm's ghost hits you. Something hits you.
You bump into the rock wall.
Dscm's ghost hits you!
* * * LOW HITPOINT WARNING * * *
Something hits you.
* * * LOW HITPOINT WARNING * * *
You're too confused!
It was a potion of cancellation.
Your magical effects are unravelling.
You feel magically purged.
You feel less confused. Dscm's ghost hits you!
You die...

##..#.##.>.###...
..##...)...# ###..
###.#.)†#.# ..
..........###.#
####.##..†.....#.#
....##.#........#
..##..#.#....##...
.......W{....# .#
......#@###...#
..#..............
###.#.#######..
#.#.# ..# # #.# ..
!.# .## #


You could see dscm's ghost.

Vanquished Creatures
  An orc wizard (D:3)
  2 adders
  2 oozes (D:1)
  2 dart slugs
  2 leopard geckos (D:1)
  6 orcs (D:3)
  A giant cockroach (D:2)
  6 goblins
  6 hobgoblins
  2 jackals (D:1)
  3 kobolds
  2 quokkas (D:3)
  4 bats
  4 frilled lizards
43 creatures vanquished.

Notes
Turn   | Place    | Note
-------+----------+-------------------------------------------
     0 | D:1      | JrNeurotic the Octopode Assassin began the quest for the Orb.
     0 | D:1      | Reached XP level 1. HP: 14/14 MP: 1/1
    39 | D:1      | Reached XP level 2. HP: 19/19 MP: 2/2
    66 | D:1      | Reached skill level 6 in Stealth
   367 | D:1      | Reached XP level 3. HP: 24/24 MP: 3/3
  1202 | D:2      | Found a basalt altar of Yredelemnul.
  1214 | D:2      | Found a hide-covered altar of Uskayaw.
  1217 | D:2      | Became a worshipper of Uskayaw the Reveler
  1406 | D:3      | Reached * piety under Uskayaw
  1420 | D:3      | Reached ** piety under Uskayaw
  1421 | D:3      | Reached skill level 7 in Stealth
  1421 | D:3      | Reached XP level 4. HP: 25/29 MP: 4/4
  1444 | D:3      | Reached *** piety under Uskayaw
  1540 | D:3      | Found a basalt altar of Yredelemnul.
  1582 | D:3      | Reached **** piety under Uskayaw
  1598 | D:3      | Gained mutation: You evolve. [potion of mutation]
  1598 | D:3      | Gained mutation: You expend magic power (3 MP) to strengthen your wands. [potion of mutation]
  1598 | D:3      | Gained mutation: You are robust. (+10% HP) [potion of mutation]
  1598 | D:3      | Gained mutation: You are resistant to electric shocks. (rElec) [potion of mutation]
  1602 | D:3      | Noticed dscm's ghost (weakling DsGl)
  1616 | D:3      | Mangled by dscm's ghost

Skill      XL: |  1  2  3 |
---------------+----------+-----
Stealth        | 6 7 |  7.6
Fighting       | |  2.4
Short Blades   | |  2.3
Throwing       | |  2.0
Dodging        | |  1.6

Action                   |  1- 3 |  4- 6 || total
-------------------------+-------+-------++-------
Melee: Dagger            |    51 |    40 ||    91
       Tentacles         |     8 |     8 ||    16
       Constrict         |    11 |    13 ||    24
  Use: Potion            |       |     5 ||     5
 Stab: Sleeping          |    11 |       ||    11
       Paralysed         |       |     1 ||     1
  Eat: Chunk             |     1 |     1 ||     2
Armor: Skin              |     3 |     6 ||     9
Dodge: Dodged            |    17 |    24 ||    41
